 Dungeon Sprint DCSS version 0.30-a0-1124-g6e8f0f562f (webtiles) character file.

Game seed: 9611339215334407067

3200000 PLAYERX the Axe Maniac (level 19, -1/151 HPs)
             Began as a Gargoyle Gladiator on Apr 23, 2023.
             Was the Champion of Makhleb.
             Slain by a large bag of meat
             ... wielding a +9 giant spiked club
              (98 damage)
             ... in the Dungeon (Sprint VIII: "Arena of Blood").
             The game lasted 00:04:57 (32 turns).

PLAYERX the Axe Maniac (Gargoyle Gladiator)           Turns: 32, Time: 00:04:58

Health: -1/151     AC: 18    Str: 25    XL:     19   Next: 60%
Magic:  17/36      EV: 22    Int: 10    God:    Makhleb [******]
Gold:   0          SH:  0    Dex: 11    Spells: 18/18 levels left

rFire   . . .        l - +∞ Axe of Woe
rCold   . . .        (shield currently unavailable)
rNeg    + . .        b - +0 leather armour
rPois   ∞            c - +0 helmet
rElec   +            (no cloak)
rCorr   .            (no gloves)
SInv    .            (no boots)
Will    +....        (no amulet)
Stlth   +++++++++    (no ring)
HPRegen 0.45/turn    (no ring)
MPRegen 0.25/turn

%: no teleportation
@: flying
A: sickness immunity, AC +14, big wings, negative energy resistance 1,
electricity resistance, torment resistance 1, petrification resistance
a: Renounce Religion, Minor Destruction, Lesser Servant of Makhleb, Major
Destruction, Greater Servant of Makhleb


You were in the Dungeon.
You worshipped Makhleb.
Makhleb was exalted by your worship.
You visited 1 branch

Inventory:

Hand Weapons
 a - a +0 war axe
 l - the +∞ Axe of Woe (weapon)
   (You found it in the Dungeon)
Missiles
 d - a throwing net (quivered)
Armour
 b - a +0 leather armour (worn)
 c - a +0 helmet (worn)
Scrolls
 k - a scroll of blinking
Potions
 f - a potion of curing
 g - a potion of heal wounds
 h - a potion of haste
 i - 2 potions of magic
 j - a potion of berserk rage


   Skills:
 O Level 27 Fighting
 + Level 0.3(0.4) Short Blades
 + Level 0.3(0.4) Long Blades
 O Level 27 Axes
 + Level 0.5(19.5) Maces & Flails
 + Level 0.4(18.0) Polearms
 + Level 0.3(0.8) Staves
 + Level 0.3 Ranged Weapons
 O Level 27 Throwing
 + Level 0.4 Armour
 O Level 27 Dodging
 O Level 27 Stealth
 + Level 0.4 Shields
 + Level 0.5 Unarmed Combat
 + Level 0.4 Spellcasting
 + Level 0.4 Conjurations
 + Level 0.3 Hexes
 + Level 0.4 Summonings
 + Level 0.2 Necromancy
 + Level 0.3 Translocations
 + Level 0.2 Transmutations
 + Level 0.3 Fire Magic
 + Level 0.3 Ice Magic
 + Level 0.4 Air Magic
 + Level 0.5 Earth Magic
 + Level 0.3 Poison Magic
 O Level 27 Invocations
 + Level 0.4 Evocations


You had 18 spell levels left.
You didn't know any spells.
Your spell library was empty.

Dungeon Overview and Level Annotations

Branches:
Dungeon (1/1)

Altars:
Makhleb


Innate Abilities, Weirdness & Mutations

You are immune to sickness and miasma.
Your stone body is resilient. (AC +14)
You are immune to poison.
Your large and strong wings let you fly.
You resist negative energy. (rN+)
You are resistant to electric shocks. (rElec)
You are resistant to unholy torment.
You are immune to petrification.


Message History

The destroyer appears out of thin air!
A destroyer comes into view. It is wielding a +9 heavy great sword.
The destroyer shouts!
You hear a shout! x4
You throw a throwing net. The throwing net hits the destroyer.
The destroyer is caught in the net!
You hear a shout! x3
You throw a throwing net.
The throwing net completely misses the destroyer.
The throwing net hits the destroyer.
The destroyer is caught in the net!
The sculptor of flesh appears out of thin air!
A sculptor of flesh comes into view. It is wielding a +9 great sword.
You hear a shout! x4
The destroyer casts a spell at you.
The destroyer blinks!
The destroyer points at you and mumbles some strange words.
The destroyer blinks!
You hear a shout!
You hear a shout! x4
Things that are here:
a +9 battleaxe; a +30 ring of slaying; a meat berserker corpse You slice the destroyer!!
You chop the destroyer into pieces.
You destroy the destroyer!
Makhleb accepts your kill.
You hit the bag of meat.
You pulverise the bag of meat into a thin bloody mist.
You kill the bag of meat!
Makhleb accepts your kill.
You hear a shout! x4
You have mastered Throwing!
You have mastered Stealth!
You have mastered Invocations!
You need to enable at least one skill for training.
The destroyer appears out of thin air!
A destroyer comes into view. It is wielding a +9 heavy great sword.
You hear a shout! x3
The destroyer casts a spell at you.
The destroyer blinks!
The large bag of meat hits you with a +9 giant spiked club!!!
The large bag of meat hits you with a +9 giant spiked club!!!!
Ouch! That really hurt!
You die...

#.. ..# #... ..#
....###... ..###.
.........###......
.#........_.....
.......#.....#
.......#_.<§_# .
.......#.O)..#....
.#.....)@V_.......
........V###......
....###)§§....###o
.. #§)§....#
#☼......#
.....O....
.......z...
o...........
..........(.#


You could see 2 destroyers, a sculptor of flesh and 2 large bags of meat.

Vanquished Creatures
  A vampire knight (D)
  8 ogres (D)
  A two-headed ogre (D)
  17 orcs (D)
27 creatures vanquished.

Notes
Turn   | Place    | Note
-------+----------+-------------------------------------------
     0 | D        | Found the +∞ Axe of Woe
     0 | D        | PLAYERX the Gargoyle Gladiator began the quest for the Orb.
     0 | D        | Reached XP level 1. HP: 12/12 MP: 1/1
     2 | D        | Noticed a bag of meat
     2 | D        | Noticed a bag of meat
     4 | D        | Became a worshipper of Makhleb the Destroyer
     4 | D        | Noticed a bag of meat
     5 | D        | Killed a bag of meat
     5 | D        | Noticed a bag of meat
     5 | D        | Noticed a bag of meat
     6 | D        | Reached skill level 15 in Axes
     6 | D        | Reached XP level 2. HP: 27/27 MP: 2/2
     6 | D        | Reached XP level 3. HP: 32/32 MP: 3/3
     6 | D        | Reached XP level 4. HP: 36/36 MP: 4/4
     6 | D        | Reached XP level 5. HP: 41/41 MP: 5/5
     6 | D        | Reached XP level 6. HP: 47/47 MP: 6/6
     6 | D        | Reached XP level 7. HP: 51/51 MP: 7/7
     6 | D        | Reached XP level 8. HP: 56/56 MP: 8/8
     6 | D        | Reached XP level 9. HP: 61/61 MP: 9/9
     6 | D        | Reached XP level 10. HP: 66/66 MP: 10/10
     6 | D        | Reached XP level 11. HP: 71/71 MP: 11/11
     7 | D        | Killed a bag of meat
     7 | D        | Reached * piety under Makhleb
     7 | D        | Noticed a bag of meat
     8 | D        | Reached skill level 10 in Fighting
     8 | D        | Reached XP level 12. HP: 79/79 MP: 12/12
     8 | D        | Noticed a meat berserker
     9 | D        | Killed a bag of meat
     9 | D        | Noticed a meat berserker
     9 | D        | Noticed a meat berserker
    10 | D        | Reached skill level 10 in Throwing
    10 | D        | Noticed a bag of meat
    10 | D        | Noticed a meat berserker
    10 | D        | Noticed a meat berserker
    11 | D        | Noticed a meat berserker
    11 | D        | Killed a bag of meat
    12 | D        | Reached XP level 13. HP: 66/87 MP: 13/13
    12 | D        | Noticed a bag of meat
    12 | D        | Noticed a bag of meat
    12 | D        | Noticed a bag of meat
    12 | D        | Noticed a meat berserker
    12 | D        | Noticed a bag of meat
    13 | D        | Killed a meat berserker
    13 | D        | Reached ** piety under Makhleb
    13 | D        | Killed a meat berserker
    13 | D        | Killed a bag of meat
    13 | D        | Noticed a bag of meat
    14 | D        | Gained mutation: Your large and strong wings let you fly.
                  | [Gargoyle growth]
    14 | D        | Reached XP level 14. HP: 100/100 MP: 14/14
    14 | D        | Reached XP level 15. HP: 104/104 MP: 15/15
    14 | D        | Killed a meat berserker
    14 | D        | Reached *** piety under Makhleb
    14 | D        | Killed a meat berserker
    15 | D        | Killed a meat berserker
    15 | D        | Reached **** piety under Makhleb
    15 | D        | Killed a meat berserker
    16 | D        | Reached skill level 27 in Axes
    16 | D        | Reached XP level 16. HP: 121/121 MP: 15/24
    17 | D        | Killed a meat berserker
    18 | D        | Reached skill level 15 in Stealth
    18 | D        | Reached XP level 17. HP: 64/128 MP: 15/27
    18 | D        | Reached ***** piety under Makhleb
    19 | D        | Reached skill level 15 in Invocations
    19 | D        | Noticed a large bag of meat
    19 | D        | Noticed a meat berserker
    23 | D        | Reached skill level 27 in Dodging
    23 | D        | Reached XP level 18. HP: 141/141 MP: 16/31
    25 | D        | Reached ****** piety under Makhleb
    25 | D        | Killed a large bag of meat
    25 | D        | Noticed a large bag of meat
    25 | D        | Noticed a destroyer
    26 | D        | Reached skill level 27 in Fighting
    26 | D        | Killed a meat berserker
    26 | D        | Noticed a large bag of meat
    27 | D        | Reached XP level 19. HP: 151/151 MP: 16/35
    27 | D        | Noticed a destroyer
    30 | D        | Noticed a sculptor of flesh
    31 | D        | Killed a destroyer
    32 | D        | Reached skill level 27 in Throwing
    32 | D        | Reached skill level 27 in Stealth
    32 | D        | Reached skill level 27 in Invocations
    32 | D        | Slain by a large bag of meat

Illustrated notes

Levels and vault maps discovered:
D:        meatsprint

Skill      XL: |  1  2  3  4  5  6  7  8  9 10 11 12 13 14 15 16 17 18 19 |
---------------+----------------------------------------------------------+-----
Fighting       | 9 10 12 16 21 22 25 27 | 27.0
Axes           | 15 17 20 24 27 | 27.0
Throwing       | 7 9 10 12 16 17 20 24 27 | 27.0
Dodging        | 14 16 18 21 25 27 | 27.0
Stealth        | 12 15 20 26 27 | 27.0
Invocations    | 11 13 19 24 27 | 27.0
Short Blades   | |  0.3
Long Blades    | |  0.3
Maces & Flails | |  0.5
Polearms       | |  0.4
Staves         | |  0.3
Ranged Weapons | |  0.3
Armour         | |  0.4
Shields        | |  0.4
Unarmed Combat | |  0.5
Spellcasting   | |  0.4
Conjurations   | |  0.4
Hexes          | |  0.3
Summonings     | |  0.4
Necromancy     | |  0.2
Translocations | |  0.3
Transmutations | |  0.2
Fire Magic     | |  0.3
Ice Magic      | |  0.3
Air Magic      | |  0.4
Earth Magic    | |  0.5
Poison Magic   | |  0.3
Evocations     | |  0.4

Action                     |  1- 3 |  4- 6 |  7- 9 | 10-12 | 13-15 | 16-18 | 19-21 || total
---------------------------+-------+-------+-------+-------+-------+-------+-------++-------
  Melee: Executioner's axe |     1 |       |       |     3 |     3 |     8 |     1 ||    16
  Throw: Javelin           |       |       |       |       |       |     1 |       ||     1
         Throwing net      |       |       |       |       |       |       |     2 ||     2
 Armour: Leather armour    |       |       |       |       |       |     1 |       ||     1
  Dodge: Dodged            |       |       |       |       |     1 |       |       ||     1

Table legend: (Time is in decaauts)
 A = Elapsed time spent in this place.
 B = Non-inter-level travel time spent in this place.
 C = Inter-level travel time spent in this place.
 D = Time resting spent in this place.
 E = Time spent auto-exploring this place.
 F = Levels seen in this place.
 G = Mean time per level.
                   A        B        C        D        E       F      G
               +--------+--------+--------+--------+--------+-----+--------+
         Total |     27 |     27 |      0 |      0 |      0 |   1 |   27.0 |
       Dungeon |     27 |     27 |      0 |      0 |      0 |   1 |   27.0 |
               +--------+--------+--------+--------+--------+-----+--------+

Top non-repeatable levels by time:
       D: 27 daAuts
